Map: Dusk Towers

Players

Miszu - Winner!

  • Race: Terran Terran
  • League: Master

Demaxo

  • Race: Terran Terran
  • League: Diamond

VOD

Have the link to the VOD?

Description

Time

  • Played on: March 7, 2016, 5:11 p.m.
  • Length: 10:02
Show
View Real Time Build Order
Export as new Build Order

Miszu Terran - Winner!

Build Orders: Reaper Expand, Bio Tank 

Get SALT Encoding   

  12  0:01  SCV  
  13  0:13  SCV  
  14  0:18  Supply Depot  
  14  0:25  SCV  
  14  0:27  Refinery  
  15  0:40  SCV  
  16  0:45  Barracks  
  16  0:59  SCV  
  18  1:11  SCV  
  18  1:31  Orbital Command  
  18  1:33  Reaper  
  19  1:44  Command Center  
  19  1:56  SCV  
  20  2:03  Supply Depot  
  20  2:05  Barracks Reactor  
  20  2:09  SCV  
  20  2:15  Factory  
  21  2:20  Refinery  
  21  2:21  SCV  
  22  2:33  SCV  
  22  2:45  SCV  
  23  2:52  Marine x2  
  23  2:57  SCV  
  26  3:00  Starport  
  26  3:01  Factory Tech Lab  
  26  3:03  Orbital Command  
  26  3:09  SCV  
  26  3:12  Marine x2  
  29  3:21  SCV  
  30  3:29  SCV, Orbital Command  
  30  3:33  SCV  
  32  3:41  Medivac, Siege Tank  
  38  3:42  Marine x2  
  38  3:45  SCV  
  38  3:47  Supply Depot  
  41  3:55  SCV  
  41  3:57  SCV  
  42  4:07  SCV  
  44  4:10  SCV  
  44  4:14  Command Center  
  44  4:19  SCV  
  44  4:22  Barracks, SCV  
  44  4:23  Barracks  
  46  4:27  Refinery  
  46  4:29  Refinery  
  46  4:31  SCV  
  46  4:34  SCV  
  46  4:37  Starport Reactor  
  48  4:41  Supply Depot  
  48  4:43  SCV  
  49  4:46  SCV  
  49  4:48  Marine x2  
  52  4:55  SCV  
  52  4:58  SCV  
  54  5:04  Engineering Bay  
  54  5:05  Engineering Bay  
  54  5:06  Marine x2  
  56  5:07  SCV  
  56  5:10  SCV  
  58  5:14  Barracks Tech Lab x2  
  58  5:15  Siege Tank  
  58  5:20  SCV  
  62  5:27  Marine, Medivac, SCV  
  66  5:32  Supply Depot, SCV  
  66  5:35  Orbital Command  
  67  5:39  SCV  
  68  5:44  SCV  
  68  5:46  Stimpack  
  68  5:47  Combat Shields  
  69  5:50  Terran Infantry Weapons Level 1, Terran Infantry Armor Level 1  
  69  5:51  SCV  
  69  5:55  Supply Depot  
  69  5:56  SCV  
  71  6:02  Medivac, Siege Tank  
  71  6:03  SCV x2  
  78  6:08  Supply Depot, SCV  
  79  6:15  SCV x2  
  79  6:17  Armory  
  81  6:18  Sensor Tower  
  81  6:20  SCV  
  81  6:22  Marine x3  
  81  6:23  Marine  
  86  6:25  Sensor Tower  
  86  6:27  SCV x2  
  86  6:32  SCV  
  89  6:37  Barracks  
  89  6:38  Barracks  
  89  6:40  Marine x3  
  92  6:48  Marine  
  92  6:49  Medivac, Siege Tank  
  92  6:50  SCV  
  92  6:51  SCV  
  92  6:52  SCV  
  101  6:57  Supply Depot  
  101  6:58  Supply Depot, Marine x3  
  101  7:01  Supply Depot  
  100  7:09  Marine  
  101  7:15  Marine  
  101  7:16  Marine x2  
  101  7:21  Siege Tank  
  101  7:22  Medivac x2  
  109  7:26  Barracks Reactor, Refinery  
  109  7:27  Barracks Reactor, Marine, Refinery  
  112  7:33  Factory, Marine  
  112  7:34  Marine x2  
  115  7:39  Terran Vehicle Weapons Level 1  
  115  7:45  Marine  
  115  7:47  Supply Depot  
  115  7:48  Supply Depot  
  115  7:50  SCV x2  
  115  7:51  Marine x2, SCV  
  119  7:54  Marine  
  122  8:02  Marine, SCV  
  122  8:05  Marine x4  
  125  8:06  Siege Tank  
  125  8:07  Medivac  
  125  8:09  Marine x2  
  125  8:12  Marine  
  136  8:13  Supply Depot x2  
  136  8:14  Medivac  
  138  8:20  Marine  
  138  8:21  Factory Tech Lab  
  138  8:23  Marine x3  
  138  8:25  Marine  
  138  8:27  Marine x2  
  143  8:30  Marine  
  143  8:31  Supply Depot  
  145  8:36  Supply Depot  
  145  8:37  Supply Depot  
  145  8:38  Siege Tank  
  145  8:39  Marine  
  145  8:40  Marine  
  145  8:41  Marine x2  
  141  8:42  Siege Tank  
  141  8:43  Marine  
  131  9:00  Marine  
  122  9:02  Marine  
  122  9:03  Marine x6  
  127  9:13  Siege Tank  
  130  9:17  Marine, Siege Tank  
  130  9:20  Marine  
  130  9:21  Marine x6  
  133  9:35  Marine  
  129  9:38  Marine  
  129  9:39  Marine x6  
Show
View Real Time Build Order
Export as new Build Order

Demaxo Terran 

Build Orders: MMM Bio 

Get SALT Encoding   

  12  0:01  SCV  
  13  0:13  SCV  
  14  0:17  Supply Depot  
  14  0:25  SCV  
  15  0:39  SCV  
  15  0:40  Barracks  
  16  0:51  SCV  
  17  1:01  Refinery  
  17  1:03  SCV  
  18  1:15  SCV  
  19  1:26  Marine, Command Center  
  20  1:38  Orbital Command  
  20  1:45  Marine  
  21  2:04  SCV  
  21  2:07  Marine  
  23  2:08  Supply Depot  
  23  2:26  Barracks  
  23  2:27  Supply Depot  
  23  2:29  Factory  
  23  2:35  Barracks  
  23  2:36  Barracks Tech Lab  
  23  2:39  SCV  
  24  2:49  Orbital Command  
  24  2:52  SCV  
  24  2:55  Marine  
  26  3:04  SCV  
  27  3:14  Refinery, Marine  
  27  3:15  Marine  
  27  3:16  SCV  
  27  3:19  SCV  
  31  3:23  Barracks Reactor  
  31  3:25  Widow Mine  
  33  3:28  SCV  
  33  3:32  SCV  
  35  3:38  Marine x2  
  35  3:40  SCV  
  38  3:44  SCV  
  38  3:47  Starport  
  39  3:53  Engineering Bay, SCV  
  40  3:56  SCV  
  40  4:01  Marine x2  
  43  4:02  Marine  
  43  4:03  Factory Tech Lab  
  43  4:05  SCV  
  43  4:08  SCV  
  46  4:17  SCV  
  46  4:20  SCV  
  46  4:22  Terran Infantry Armor Level 1, Missile Turret  
  46  4:24  Missile Turret  
  48  4:28  Marine, Missile Turret  
  48  4:29  SCV  
  50  4:33  SCV  
  51  4:40  Refinery  
  51  4:41  SCV  
  51  4:42  Refinery  
  51  4:43  Marine  
  54  4:49  Supply Depot  
  54  4:59  SCV  
  54  5:00  Barracks Tech Lab  
  54  5:10  Viking  
  54  5:11  Barracks Tech Lab, Siege Tank  
  54  5:12  Supply Depot  
  54  5:13  Supply Depot, Marine x2  
  60  5:24  Command Center  
  60  5:28  Barracks  
  60  5:30  Combat Shields  
  60  5:31  Stimpack  
  60  5:33  Marine x2  
  62  5:53  Missile Turret  
  62  5:58  Supply Depot x2  
  62  6:12  Missile Turret  
  62  6:19  Marine x4, Medivac  
  62  6:20  Terran Infantry Weapons Level 1, Siege Tank, SCV x2  
  62  6:25  Supply Depot, Engineering Bay  
  73  6:28  Marine, Armory  
  74  6:41  Marine x3  
  74  6:43  Marine  
  74  6:45  Marine  
  79  6:48  Supply Depot  
  79  6:49  Medivac  
  67  7:26  Missile Turret  
  67  7:27  Marine x2  
  69  7:31  Marine x3  
  69  7:32  Siege Tank  
  69  7:33  Starport Reactor  
  69  7:34  Terran Infantry Armor Level 2  
  75  7:40  Barracks  
  75  7:42  Barracks  
  75  7:44  Marine  
  75  7:45  Marine  
  75  7:47  Supply Depot  
  75  7:48  Marine  
  75  7:49  Marine x2  
  80  8:02  Marine x2  
  80  8:04  Siege Tank  
  85  8:06  Marine  
  85  8:07  Marine x2  
  85  8:09  Viking  
  85  8:10  Supply Depot, Viking  
  92  8:20  Marine x2  
  92  8:24  Marine  
  95  8:33  Supply Depot  
  88  8:36  Siege Tank  
  81  8:59  Marine x4  
  63  9:03  Marine  
  63  9:04  Marine x2  
  63  9:05  Orbital Command  
  63  9:06  SCV  
  63  9:07  SCV  
  64  9:17  Viking x2, Marine x4  
  64  9:19  SCV x2  
  64  9:21  Marine  
  64  9:22  Marine x2  
  75  9:31  SCV x2  
  75  9:34  Marine x2  
  75  9:35  Marine x2  
  59  9:39  Marine  
  59  9:40  Marine, Marauder  
Tags
 
Add a new tag
Caveats
  • Supply blocks, unpowered buildings, or Contaminate may cause inaccurate times.
  • Supply counts are checked every 10 seconds.